 Dungeon Crawl Stone Soup version 0.31-a0-366-ga77b45bd9b (webtiles) character file.

Game seed: 1406062845547621369

190 Ajdolov the Changeling (level 5, -3/22 HPs)
             Began as a Felid Shapeshifter on July 27, 2023.
             Was an Initiate of Dithmenos.
             Slain by a gnoll bouda
             ... wielding a +0 spear
              (11 damage)
             ... on level 4 of the Dungeon.
             The game lasted 00:05:39 (4114 turns).

Ajdolov the Changeling (Felid Shapeshifter)         Turns: 4114, Time: 00:05:39

Health: -3/22      AC:  2    Str: 13    XL:     5   Next: 41%
Magic:  6/6        EV: 22    Int: 10    God:    Dithmenos [......]
Gold:   282        SH:  0    Dex: 16    Spells: 4/4 levels left
                                        Lives:  0   Deaths: 1

rFire   . .          .
                       - Unarmed
rCold   . . .        (shield unavailable)
rNeg    . . .        (body armour unavailable)
rPois   +            (helmet unavailable)
rElec   .            (cloak unavailable)
rCorr   .            (gloves unavailable)
SInv    +            (boots unavailable)
Will    .....        (no amulet)
Stlth   +            j - +5 ring of evasion
HPRegen 0.23/turn    l - ring of poison resistance
MPRegen 0.10/turn

%: no passive effects
@: beast-form, quick
A: beast (slay +4), very small, claws 1, fangs 3, see invisible, speed 1, shaggy
fur 2, stealthy paws, no weapons or thrown items, no armour, multi-lived
a: Begin Untransformation, Renounce Religion


You were on level 4 of the Dungeon.
You worshipped Dithmenos.
Dithmenos was noncommittal.
You were a hulking beast.
You visited 1 branch of the dungeon, and saw 6 of its levels.

You collected 282 gold pieces.

Inventory:

Jewellery
 j - a +5 ring of evasion (left paw)
 l - a ring of poison resistance (right paw)
 v - a ring of protection from fire
Talismans
 b - a beast talisman
 i - a blade talisman
 m - a serpent talisman
Scrolls
 f - a scroll of enchant armour {unknown}
 k - 2 scrolls of teleportation {unknown}
 r - a scroll of brand weapon {unknown}
 s - 2 scrolls of identify {unknown}
 t - a scroll of fog {unknown}
 u - a scroll of poison {unknown}
Potions
 a - 2 potions of lignification
 c - 6 potions of curing {unknown}
 d - 2 potions of attraction {unknown}
 e - a potion of invisibility {unknown}
 g - a potion of haste {unknown}
 h - a potion of enlightenment {unknown}
 n - 2 potions of brilliance {unknown}
 o - 2 potions of mutation {unknown}
 p - 2 potions of degeneration {unknown}
 q - a potion of berserk rage {unknown}


   Skills:
 - Level 1.0 Fighting
 - Level 2.6 Dodging
 - Level 3.0 Unarmed Combat
 * Level 6.9 Shapeshifting


You had 4 spell levels left.
You didn't know any spells.
Your spell library contained the following spells:

 Spells                   Type           Power      Damage    Failure   Level
 Sandblast                Erth           0%         2d4       36%         1
 Sting                    Tmut/Pois      0%         1d3       36%         1
 Passwall                 Tmut/Erth      0%         N/A       50%         2
 Poisonous Vapours        Pois/Air       0%         N/A       50%         2
 Stone Arrow              Conj/Erth      0%         3d7       75%         3
 Olgreb's Toxic Radiance  Pois           0%         N/A       98%         4


Dungeon Overview and Level Annotations

Branches:
Dungeon (6/15)             Temple (0/1) D:5

Altars:
Dithmenos
Makhleb


Innate Abilities, Weirdness & Mutations

You are a hulking beast.
Your limbs bulge with bestial killing power. (Slay +4)
You have sharp claws.
You have razor-sharp teeth.
You have supernaturally acute eyesight. (SInv)
You cover ground quickly. (Speed+)
You are covered in thick fur. (AC +2)
Your paws help you pounce on unaware monsters.
You are incapable of wielding weapons or throwing items.
You cannot wear armour.
You gain extra lives every three experience levels.


Message History

The gnoll barely misses you.
You climb upwards.
There is a stone staircase leading down here.
The gnoll bouda completely misses you.
Things that are here:
a +0 club; a gnoll corpse The gnoll bouda gazes fiercely through you!
You feel your attacks grow feeble.
The gnoll bouda gazes fiercely through you!
You feel as though you will be weak longer.
Your attacks no longer feel as feeble.
You start resting.
A gnoll bouda is nearby!
The gnoll bouda completely misses you.
The gnoll bouda hits you from afar with a +0 spear.
The gnoll bouda hits you with a +0 spear!
You scratch the gnoll bouda but do no damage.
The gnoll bouda gazes fiercely through you!
You feel your attacks grow feeble. The gnoll bouda closely misses you.
You scratch the gnoll bouda but do no damage.
You bite the gnoll bouda, but do no damage.
The gnoll bouda barely misses you.
You claw the gnoll bouda!
The gnoll bouda is heavily wounded.
The gnoll bouda barks out a call to the hunt!
The gnoll picks up the pace!
You scratch the gnoll bouda but do no damage.
You bite the gnoll bouda, but do no damage.
The gnoll bouda is heavily wounded.
The gnoll bouda barely misses you.
You completely miss the gnoll bouda.
The gnoll bouda is heavily wounded.
Your attacks no longer feel as feeble.
The gnoll bouda completely misses you.
You scratch the gnoll bouda but do no damage.
The gnoll bouda is heavily wounded.
The gnoll bouda hits you with a +0 spear!
Ouch! That really hurt!
You die...

..........#
####.####
.#.###.##.########.#
§..##§..#.##.gg....#
)_§...#......)####.#
.....###......# #.#
####..#.......# #.#
##...#.##### #.#
##.##.########.#
#.##.......hgg#
######.##.##########
.......##.#
#########.# #.# #.#
#.#########
#.........#
#.#######.#


You could see a gnoll bouda and a gnoll (swift).

Vanquished Creatures
  2 scorpions
  A hound (D:4)
  Jessica (D:2)
  7 adders
  6 gnolls
  An ufetubus (D:5)
  A dart slug (D:1)
  2 orcs
  3 bats
  6 endoplasms
  5 giant cockroaches
  5 goblins
  7 hobgoblins
  4 jackals (D:1)
  A quokka (D:3)
  3 ball pythons
  2 frilled lizards
  3 kobolds
  4 rats
64 creatures vanquished.

Notes
Turn   | Place    | Note
-------+----------+-------------------------------------------
     0 | D:1      | Ajdolov the Felid Shapeshifter began the quest for the Orb.
     0 | D:1      | Reached XP level 1. HP: 9/9 MP: 2/2
   104 | D:1      | Reached XP level 2. HP: 5/12 MP: 3/3
   126 | D:1      | Reached skill level 4 in Shapeshifting
   550 | D:1      | Reached XP level 3. HP: 15/15 MP: 4/4
   753 | D:2      | Found a faded altar of an unknown god.
   958 | D:2      | Noticed Jessica
   964 | D:2      | Killed Jessica
  1272 | D:2      | Found a burning altar of Makhleb.
  1474 | D:2      | Reached XP level 4. HP: 19/19 MP: 5/5
  2093 | D:3      | Reached skill level 5 in Shapeshifting
  2802 | D:4      | Reached XP level 5. HP: 22/22 MP: 6/6
  2929 | D:4      | You fall into a shaft and drop 2 floors!
  2968 | D:5      | Entered Level 5 of the Dungeon
  3178 | D:4      | Found a shadowy altar of Dithmenos.
  3212 | D:4      | Became a worshipper of Dithmenos the Shadowed
  3310 | D:4      | Reached skill level 6 in Shapeshifting
  3688 | D:5      | Found a staircase to the Ecumenical Temple.
  3814 | D:5      | Gained mutation: You are covered in thick fur. (AC +2)
                  | [Felid growth]
  3814 | D:5      | Reached XP level 6. HP: 21/25 MP: 7/7
  4042 | D:5      | HP: 1/25 [gnoll/+0 flail of draining (5)]
  4042 | D:5      | Slain by a gnoll
  4043 | D:5      | Reached XP level 5. HP: 0/20 MP: 6/6
  4114 | D:4      | Slain by a gnoll bouda

Illustrated notes

Levels and vault maps discovered:
D:1:      minmay_arrival_diagonal_passages, layout_loops_ring
D:2:      minmay_skewed_foursquare, layout_loops_ring,
          ebering_ecumenical_altar_webs, serial_glass, glass_columns_a,
          glass_columns_a, basic_altar, minmay_stone_trees_small,
          minmay_tromino_i2, uniq_jessica
D:3:      layout_basic, kennysheep_doodads
D:4:      layout_loops_ring, grunt_dithmenos_smoke, kennysheep_dice
D:5:      layout_rooms, temple_statues
D:6:      layout_cave_pods, mainiacjoe_overflow_cross_hatched,
          general_overflow_altar, minmay_chambers_of_fives, uniq_grinder,
          uniq_maggie, uniq_prince_ribbit1

Skill      XL: |  1  2  3  4  5 |
---------------+----------------+-----
Shapeshifting  | 4 5 6 |  6.9
Fighting       | |  1.0
Dodging        | |  2.6
Unarmed Combat | |  3.0

Action                     |  1- 3 |  4- 6 || total
---------------------------+-------+-------++-------
  Melee: Unarmed           |    62 |    91 ||   153
         Bite              |     4 |    11 ||    15
         Punch             |     1 |     1 ||     2
   Stab: Sleeping          |     3 |     3 ||     6
 Armour: Skin              |     3 |     1 ||     4
  Dodge: Dodged            |    44 |    83 ||   127
   Form: Anaconda          |     2 |       ||     2
         Beast             |     2 |       ||     2
         Blade             |     1 |       ||     1

Table legend: (Time is in decaauts)
 A = Elapsed time spent in this place.
 B = Non-inter-level travel time spent in this place.
 C = Inter-level travel time spent in this place.
 D = Time resting spent in this place.
 E = Time spent auto-exploring this place.
 F = Levels seen in this place.
 G = Mean time per level.
                   A        B        C        D        E       F      G
               +--------+--------+--------+--------+--------+-----+--------+
         Total |   3476 |   3318 |    158 |    101 |   2599 |   6 |  579.3 |
       Dungeon |   3476 |   3318 |    158 |    101 |   2599 |   6 |  579.3 |
               +--------+--------+--------+--------+--------+-----+--------+

Top non-repeatable levels by time:
     D:4: 1016 daAuts
     D:2: 847 daAuts
     D:3: 696 daAuts
     D:1: 623 daAuts
     D:5: 257 daAuts
     D:6: 35 daAuts
